 Dungeon Sprint DCSS version 0.16.2-12-gd0ad4c3 (webtiles) character file.

48 musteatbrain the Cleaver (level 6, -1/64 HPs)
             Began as a Minotaur Berserker on Oct 15, 2015.
             Was a Priest of Trog.
             Killed by an exploding giant spore (27 damage)
             ... in the Dungeon (Sprint VI: "Thunderdome").
             The game lasted 00:03:14 (474 turns).

musteatbrain the Cleaver (Minotaur Berserker)        Turns: 474, Time: 00:03:14

Health: -1/64      AC:  2    Str: 23    XL:     6   Next: 17%
Magic:  3/3        EV: 12    Int:  4    God:    Trog [***...]
Gold:   28         SH:  0    Dex: 10    Spells: 0 memorised, 5 levels left

rFire  . . .     SeeInvis .     a - +0 hand axe
rCold  . . .     Clarity  .     b - +0 animal skin
rNeg   . . .     SustAb   .     (no shield)
rPois  .         Gourm    .     (helmet restricted)
rElec  .         Spirit   .     (no cloak)
rCorr  .         Warding  .     (no gloves)
rMut   .         NoTele   +     (no boots)
MR     .....                    (no amulet)
Stlth  +.........               (no ring)
                                (no ring)

@: confused, not resistant to hostile enchantments, very unstealthy
A: retaliatory headbutt, horns 2
a: Burn Spellbooks, Berserk, Trog's Hand, Renounce Religion


You were in the Dungeon.
You worshipped Trog.
Trog was most pleased with you.
You were not hungry.

You visited 1 branch You collected 280 gold pieces.
You spent 252 gold pieces at shops.

Inventory:

Hand weapons
 a - a +0 hand axe (weapon)
Armour
 b - a +0 animal skin (worn)
Jewellery
 n - the ring of Igalakh {MR+ Dex+5, unknown}
   (You bought it in a shop in the Dungeon)

   [ring of dexterity]

   It affects your dexterity (+5).
   It affects your resistance to hostile enchantments.
 o - the ring of Edinof {rElec rN+ Stlth+, unknown}
   (You bought it in a shop in the Dungeon)

   [ring of positive energy]

   It insulates you from electricity.
   It protects you from negative energy.
   It makes you more stealthy.
 p - the ring "Bruof" {rElec rF+ MR- Dex+3, unknown}
   (You bought it in a shop in the Dungeon)

   [ring of protection from fire]

   It affects your dexterity (+3).
   It protects you from fire.
   It insulates you from electricity.
   It affects your resistance to hostile enchantments.
 q - the ring "Zoavis" {SustAb Int+5, unknown}
   (You bought it in a shop in the Dungeon)

   [ring of sustain abilities]

   It sustains your strength, intelligence and dexterity.
   It affects your intelligence (+5).
Magical devices
 k - a wand of cold (5)
 l - a wand of fire (5)
Scrolls
 i - 4 scrolls of blinking
 m - 3 scrolls of fog
Potions
 d - a potion of curing
 e - 4 potions of heal wounds
 f - 3 potions of haste
 g - 2 potions of magic
 h - a potion of berserk rage
 j - a potion of resistance
 r - a potion of lignification {unknown}
Comestibles
 c - 9 royal jellies


   Skills:
 + Level 9.6 Fighting
 * Level 12.8 Axes
 - Level 2.4 Armour
 - Level 2.1 Dodging


You had 5 spell levels left.
You didn't know any spells.

Dungeon Overview and Level Annotations

Branches:
Dungeon (1/1)

Altars:
Cheibriados
Dithmenos
Fedhas
Gozag
Kikubaaqudgha
Makhleb
Okawaru
Qazlal
Ru
Sif Muna
Trog
Vehumet
Xom
Yredelemnul
Zin
The Shining One
Jiyva
Lugonu

Shops:
D *[%??*?*:[((!!!!


Innate Abilities, Weirdness & Mutations

You reflexively headbutt those who attack you in melee.
You have a pair of horns on your head.


Message History

r - a fizzy ruby potion
Things that are here:
a robe; a scythe; the human corpse of Sigmund Unknown command.
You hit the active ballistomycete. You headbutt the active ballistomycete!
The active ballistomycete is heavily damaged.
You hit the active ballistomycete. You headbutt the active ballistomycete.
The active ballistomycete is almost destroyed.
You hit the active ballistomycete but do no damage.
The active ballistomycete is almost destroyed.
You hit the active ballistomycete.
You destroy the active ballistomycete!
A giant spore comes into view.
The giant spore waves its rhizomes.
A giant spore comes into view.
The giant spore waves its rhizomes.
The giant spore explodes!
The explosion of spores engulfs you!
You are confused.
You die...

#_......._# #........_#
###.........###
#⌠...........⌠#
######.8.........8.#
##∩._P......###......
###∩........8.# #.8....
##.............###......
#⌠.....@....###...###...
#⌠..........# #.<.# #...
#⌠....[.....###...###...
##...).........###......
###∩........8.# #.8....
##∩__...*...###......
######.8.........8.#
#⌠...........⌠#
###.........###


You could see an active ballistomycete and a giant spore.

Vanquished Creatures
  2 necrophages (D)
  Sigmund (D)
  A scorpion (D)
  A giant spore (D)
  2 adder skeletons (D)
  An orc (D)
  A bat skeleton (D)
  A goblin (D)
  A kobold (D)
  11 ballistomycetes (D)
22 creatures vanquished.

Vanquished Creatures (others)
  3 giant spores (D)
3 creatures vanquished.

Grand Total: 25 creatures vanquished

Notes
Turn   | Place    | Note
--------------------------------------------------------------
     0 | D        | musteatbrain, the Minotaur Berserker, began the quest for the Orb.
     0 | D        | Reached XP level 1. HP: 19/19 MP: 1/1
     1 | D        | Found a basalt altar of Yredelemnul.
     2 | D        | Found an iron altar of Okawaru.
     2 | D        | Found a blossoming altar of Fedhas.
     3 | D        | Found a shimmering altar of Xom.
     3 | D        | Found a bloodstained altar of Trog.
     4 | D        | Found a snail-covered altar of Cheibriados.
     4 | D        | Found Thijaloe's Staff Store.
     4 | D        | Found Leucody's Must-Have Magic.
     5 | D        | Found Gaduirph's Distillery.
     5 | D        | Round 1.
     8 | D        | Found Lelegarcheuma's Magic Scroll Shop.
     9 | D        | Found an opulent altar of Gozag.
     9 | D        | Noticed a necrophage
    10 | D        | Found Atahihet's Magic Scroll Shop.
    16 | D        | Killed a necrophage
    16 | D        | Reached skill level 6 in Fighting
    16 | D        | Reached skill level 8 in Axes
    16 | D        | Reached XP level 2. HP: 28/31 MP: 1/1
    16 | D        | Reached XP level 3. HP: 34/38 MP: 2/2
    16 | D        | Reached XP level 4. HP: 39/45 MP: 2/2
    26 | D        | Noticed a necrophage
    34 | D        | Reached skill level 9 in Axes
    35 | D        | Killed a necrophage
    35 | D        | Reached skill level 10 in Axes
    35 | D        | Reached XP level 5. HP: 27/53 MP: 2/2
    53 | D        | Arena points: 12 (+12) [x2]
    53 | D        | Reached skill level 11 in Axes
   125 | D        | Round 2.
   209 | D        | Found Unuolunt's Distillery.
   211 | D        | Found a shadowy altar of Dithmenos.
   212 | D        | Found a viscous altar of Jiyva.
   213 | D        | Found Klehaag's Bottled Wisdom.
   213 | D        | Found Clufeqal's Do-It-Yourself Clinic.
   220 | D        | Found a burning altar of Makhleb.
   221 | D        | Found a corrupted altar of Lugonu.
   222 | D        | Found an ancient bone altar of Kikubaaqudgha.
   223 | D        | Found Cupneoq's Weapon Rack.
   226 | D        | Found Eheascha's Basic Armour.
   229 | D        | Found a radiant altar of Vehumet.
   229 | D        | Found a deep blue altar of Sif Muna.
   231 | D        | Found Raemm's Premium Goods.
   231 | D        | Found Awkuutush's Miscellaneous Merchandise.
   236 | D        | Found a glowing silver altar of Zin.
   237 | D        | Found a stormy altar of Qazlal.
   238 | D        | Acquired Trog's second power
   239 | D        | Found Gapimp's Identification Station.
   241 | D        | Found Bleux's Advanced Armour.
   243 | D        | Found a sacrificial altar of Ru.
   243 | D        | Found a glowing golden altar of the Shining One.
   245 | D        | Found Fots' Jewellery.
   245 | D        | Found Mihivyk Inok's Bee Food.
   247 | D        | Noticed Sigmund
   259 | D        | Killed Sigmund
   259 | D        | Reached skill level 12 in Axes
   259 | D        | Reached XP level 6. HP: 64/64 MP: 3/3
   261 | D        | Arena points: 48 (+36) [x3]
   319 | D        | Round 3.
   438 | D        | Bought 3 royal jellies for 24 gold pieces
   438 | D        | Bought 3 royal jellies for 24 gold pieces
   438 | D        | Bought 3 royal jellies for 24 gold pieces
   440 | D        | Bought a smoking turquoise ring for 45 gold pieces
   440 | D        | Bought a steaming steel ring for 45 gold pieces
   440 | D        | Bought a shimmering bronze ring for 45 gold pieces
   440 | D        | Bought a warped marble ring for 45 gold pieces
   474 | D        | Killed by an exploding giant spore

Action                   |  1- 3 |  4- 6 || total
-------------------------+-------+-------++-------
Melee: Hand axe          |     4 |    65 ||    69
Invok: Berserk           |     1 |     1 ||     2
       Trog's Hand       |       |     1 ||     1
  Use: Potion            |       |     1 ||     1
  Eat: Bread ration      |       |     1 ||     1
